 Dungeon Crawl Stone Soup version 0.29.1-12-g30fa7ad0bf (webtiles) character file.

Game seed: 16371922665899815601

74 raph the Digger (level 4, -2/33 HPs)
             Began as a Draconian Earth Elementalist on Dec 25, 2022.
             Killed by divine providence
             ... invoked by an orc priest
              (15 damage)
             ... on level 3 of the Dungeon.
             The game lasted 00:03:45 (2370 turns).

raph the Digger (Draconian Earth Elementalist)      Turns: 2370, Time: 00:03:45

Health: -2/33      AC:  6    Str: 10    XL:     4   Next: 10%
Magic:  3/7        EV: 11    Int: 17    God:
Gold:   126        SH:  4    Dex: 12    Spells: 2/8 levels left

rFire   . . .      SeeInvis .   d - +3 mace (vorpal)
rCold   . . .      Faith    .   g - +0 buckler
rNeg    . . .      Spirit   .   (body armour unavailable)
rPois   .          Reflect  .   (helmet restricted)
rElec   .          Harm     .   (no cloak)
rCorr   .          Rampage  .   (no gloves)
Will    .....                   e - +0 pair of boots
Stlth   ++........              (no amulet)
HPRegen 0.11/turn               (no ring)
MPRegen 0.10/turn               (no ring)

@: no status effects
A: AC +5, unfitting armour, cold-blooded
a: no special abilities


You were on level 3 of the Dungeon.
You visited 1 branch of the dungeon, and saw 3 of its levels.

You collected 126 gold pieces.

Inventory:

Hand Weapons
 c - a +0 short sword of protection
 d - a +3 vorpal mace (weapon)
Missiles
 o - 5 boomerangs
Armour
 e - a +0 pair of boots (worn)
 g - a +0 buckler (worn)
Wands
 q - a wand of iceblast (7)
Scrolls
 f - a scroll of brand weapon
 h - a scroll of magic mapping
 p - a scroll of blinking {unknown}
Potions
 a - a potion of magic
 b - 3 potions of curing {unknown}
 i - a potion of heal wounds {unknown}
 k - 2 potions of might {unknown}
 l - a potion of attraction {unknown}
 m - a potion of degeneration {unknown}
 n - a potion of flight {unknown}


   Skills:
 - Level 1.7 Dodging
 - Level 1.7 Stealth
 + Level 1.5 Shields
 + Level 2.6 Spellcasting
 - Level 1.0 Transmutations
 + Level 4.1 Earth Magic


You had 2 spell levels left.
You knew the following spells:

 Your Spells              Type           Power      Damage    Failure   Level
a - Sandblast             Erth           32%        2d9       4%          1
b - Passwall              Tmut/Erth      9%         N/A       12%         2
c - Stone Arrow           Conj/Erth      18%        3d8       30%         3

Your spell library contained the following spells:

 Spells                   Type           Power      Damage    Failure   Level
 Petrify                  Tmut/Erth      11%        N/A       63%         4


Dungeon Overview and Level Annotations

Branches:
Dungeon (3/15)

Altars:


Innate Abilities, Weirdness & Mutations

Your plain brown scales are hard. (AC +5)
You cannot fit into any form of body armour.
You are cold-blooded and may be slowed by cold attacks.


Message History

An orc is wielding a +0 mace of protection.
The orc attacks as you move away! The orc hits you with a +0 flail.
An orc wizard and 2 orcs come into view.
The orc shouts!
The orc wizard shouts!
The orc shouts!
You hear a shout!
A quokka comes into view.
An orc comes into view. It is wielding a +0 club.
The orc moves out of view.
An orc comes into view. It is wielding a +0 hand axe.
Casting: Passwall (safe; 12% risk of failure)
Confirm with . or Enter, or press ? or * to list all spells.
Aiming: Passwall (safe; 12% risk of failure)
Press: ? - help, Dir - move target A rock wall.
This rock feels extremely deep.
The orc shouts! x2
Unknown command.
As you read the scroll of teleportation, it crumbles to dust.
You feel strangely unstable. The orc hits you with a +0 flail.
An orc comes into view. It is wielding a +0 hand axe.
The orc hits you but does no damage. Something hits you.
An orc comes into view. It is wielding a +0 club.
An orc priest comes into view. It is wielding a +0 war axe.
The orc attacks as you move away! The orc barely misses you.
The orc hits you but does no damage.
The orc shouts!
The orc priest shouts!
You hit the orc. You tail-slap the orc.
You kill the orc!
The quokka twitches its whiskers.
The orc hits you with a +0 flail.
You barely miss the orc. The orc hits you with a +0 flail.
You hit the orc.
The orc is severely wounded.
Your surroundings seem slightly different.
The orc shouts loudly.
The orc priest closely misses you.
Okay, then.
The orc attacks as you move away! The orc hits you but does no damage.
The orc priest mumbles some strange prayers to Beogh against you.
Beogh smites you!
You die...

#..<.........# #.####..#
#.###.#####..###.####...
#.# #.# #........##.##
#.# #.# #..###.#.##.#
#.# #.# #..# #......#
#.# #.# #..# ###..###
..# #.. ..## ##.# ..#
######### ####.# .##
#@ooo.# #....#
#.oor.####o##.#
#.ooo..o§.{##...
#.o...#######!###
#.....# #.# ####### #.#
..# ##


You could see an orc priest, an orc wizard, 8 orcs and a quokka.

Vanquished Creatures
  An adder (D:2)
  A worm (D:2)
  A dart slug (D:1)
  An orc (D:3)
  4 ball pythons
  4 endoplasms
  5 giant cockroaches
  5 goblins
  6 hobgoblins
  2 jackals (D:1)
  6 kobolds
  4 quokkas
  4 bats
  4 frilled lizards
  5 rats
53 creatures vanquished.

Notes
Turn   | Place    | Note
-------+----------+-------------------------------------------
     0 | D:1      | raph the Draconian Earth Elementalist began the quest for
                  | the Orb.
     0 | D:1      | Reached XP level 1. HP: 14/14 MP: 3/3
   214 | D:1      | Reached XP level 2. HP: 20/20 MP: 0/5
   217 | D:1      | Learned a level 2 spell: Passwall
   506 | D:1      | Found a faded altar of an unknown god.
   868 | D:1      | Reached XP level 3. HP: 26/26 MP: 4/6
   872 | D:1      | Learned a level 3 spell: Stone Arrow
  1257 | D:2      | Reached skill level 1 in Shields
  1319 | D:2      | Reached skill level 4 in Earth Magic
  1901 | D:2      | Reached XP level 4. HP: 33/33 MP: 5/7
  2370 | D:3      | Killed from afar by an orc priest

Illustrated notes

Levels and vault maps discovered:
D:1:      saegor_arrival_simple_c, layout_basic,
          shapermc_ecumenical_altar_pompeii
D:2:      layout_loops_ring
D:3:      layout_loops_cross

Skill      XL: |  1  2  3 |
---------------+----------+-----
Shields        | 1 |  1.5
Earth Magic    | 4 |  4.1
Dodging        | |  1.7
Stealth        | |  1.7
Spellcasting   | |  2.6
Transmutations | |  1.0

Action                   |  1- 3 |  4- 6 || total
-------------------------+-------+-------++-------
Melee: Mace              |     5 |     3 ||     8
       Tailslap          |       |     1 ||     1
 Cast: Sandblast         |    63 |     8 ||    71
       Stone Arrow       |     1 |     1 ||     2
       Passwall          |       |     2 ||     2
  Use: Scroll            |     7 |     1 ||     8
Armor: Skin              |    11 |     6 ||    17
Dodge: Dodged            |    11 |     5 ||    16
Block: Buckler           |     2 |     1 ||     3
